 Dungeon Crawl Stone Soup version 0.28-a0-381-g937acc2988 (webtiles) character file.

Game seed: 1813779063905659746

1625 frimble the Charlatan (level 8, -2/91 HPs)
             Began as a Gnoll Artificer on Sept 1, 2021.
             Was a Believer of Cheibriados.
             Slain by an orc (3 damage)
             ... in a bailey.
             The game lasted 00:13:33 (7339 turns).

frimble the Charlatan (Gnoll Artificer)             Turns: 7339, Time: 00:13:34

Health: -2/91      AC: 24    Str: 15    XL:     8   Next: 97%
Magic:  10/13      EV:  2    Int: 18    God:    Cheibriados [**....]
Gold:   259        SH:  0    Dex: 14    Spells: 11/14 levels left

rFire   . . .      SeeInvis .   j - +0 rapier
rCold   . . .      Faith    .   (no shield)
rNeg    + + +      Spirit   .   (armour currently unavailable)
rPois   +          Reflect  .   (helmet currently unavailable)
rElec   .          Harm     .   (cloak currently unavailable)
rCorr   .          Rampage  .   (gloves currently unavailable)
Will    .....      NoTele   +   (boots currently unavailable)
Stlth   +++.......              (no amulet)
HPRegen 0.25/turn               (no ring)
MPRegen 0.13/turn               (no ring)

@: tree-form, attractive, studying Earth Magic, very slow
A: stationary, stasis, torment immunity, boosted hp, (fangs 1), strong nose,
distributed training, clumsy 1
a: Renounce Religion, Bend Time


You were in a bailey.
You worshipped Cheibriados.
Cheibriados was pleased with you.
You were a tree.
You visited 2 branches of the dungeon, and saw 9 of its levels.
You also visited: Bailey.

You collected 259 gold pieces.

Inventory:

Hand Weapons
 a - a +0 club
 j - a +0 rapier (weapon)
Armour
 b - a +1 leather armour (melded)
 e - a +0 kite shield
 i - a +1 cloak (melded)
 l - a +2 pair of boots (melded)
Jewellery
 m - a ring of fire
Wands
 c - a wand of flame (1) (quivered)
 d - a wand of polymorph (10)
Potions
 f - a potion of berserk rage
 g - a potion of cancellation
 k - 2 potions of curing
 p - a potion of brilliance
 q - a potion of flight


   Skills:
 + Level 4.6 Fighting
 + Level 3.7 Short Blades
 + Level 3.7 Long Blades
 + Level 3.7 Axes
 + Level 3.7 Maces & Flails
 + Level 3.7 Polearms
 + Level 3.7 Staves
 + Level 3.7 Slings
 + Level 3.7 Bows
 + Level 3.7 Crossbows
 + Level 3.7 Throwing
 + Level 6.0 Armour
 + Level 4.6 Dodging
 + Level 4.4 Stealth
 + Level 3.7 Shields
 + Level 3.7 Unarmed Combat
 + Level 3.7 Spellcasting
 + Level 3.0 Conjurations
 + Level 3.0 Hexes
 + Level 3.0 Summonings
 + Level 3.0 Necromancy
 + Level 3.0 Translocations
 + Level 3.0 Transmutations
 + Level 3.0 Fire Magic
 + Level 3.0 Ice Magic
 + Level 3.0 Air Magic
 + Level 4.4 Earth Magic
 + Level 3.0 Poison Magic
 + Level 4.1 Invocations
 + Level 7.6 Evocations


You had 11 spell levels left.
You knew the following spells:

 Your Spells              Type           Power      Damage    Failure   Level
a - Teleport Other        Tloc           14%        N/A       13%         3

Your spell library contained the following spells:

 Spells                   Type           Power      Damage    Failure   Level
 Pain                     Necr           56%        1d6       4%          1
 Shock                    Conj/Air       56%        1d6       4%          1
 Gell's Gravitas          Tloc           7%         N/A       13%         3
 Summon Guardian Golem    Hex/Summ       14%        N/A       13%         3
 Swiftness                Air            14%        N/A       13%         3
 Airstrike                Air            7%         N/A       38%         4
 Agony                    Necr           14%        N/A       75%         5
 Excruciating Wounds      Necr           7%         N/A       75%         5
 Dispersal                Tloc           7%         N/A       100%        6
 Orb of Destruction       Conj           7%         9d3       100%        7
 Spellforged Servitor     Conj/Summ      7%         N/A       100%        7


Dungeon Overview and Level Annotations

Branches:
Dungeon (8/15)             Temple (1/1) D:5          Bailey (1/1)
   Lair: D:8-11

Altars:
Ashenzari
Cheibriados
Dithmenos
Elyvilon
Fedhas
Gozag
Kikubaaqudgha
Qazlal
Sif Muna
Trog
Uskayaw
Wu Jian

Annotations:
D:2 Natasha
D:8 Prince Ribbit


Innate Abilities, Weirdness & Mutations

You are a tree.
Your roots penetrate the ground, keeping you stationary.
You cannot be teleported.
You are immune to unholy pain and torment.
Your maximum health is greatly increased.
Your equipment is partially melded.
((You have very sharp teeth.))
Your uncanny sense of smell can sniff out nearby items.
Your experience applies equally to all skills.
You are clumsy. (Dex -2)


Message History

The orc warrior completely misses you.
The orc hits you from afar with a +0 spear.
The orc hits you with a +0 trident. The orc hits you but does no damage.
You puncture the bullfrog!
The bullfrog is heavily wounded.
The bullfrog hits you but does no damage.
The orc hits you but does no damage.
The orc hits you from afar with a +0 halberd!
* * * LOW HITPOINT WARNING * * *
The orc warrior hits you from afar with a +4 glaive!
* * * LOW HITPOINT WARNING * * *
The orc hits you from afar with a +0 spear.
* * * LOW HITPOINT WARNING * * *
The orc hits you but does no damage. The bullfrog hits you.
* * * LOW HITPOINT WARNING * * *
The orc hits you from afar with a +0 spear.
* * * LOW HITPOINT WARNING * * *
You feel better. The orc barely misses you.
The orc hits you but does no damage.
The bullfrog hits you but does no damage.
The orc warrior hits you but does no damage.
The orc hits you from afar with a +0 spear.
* * * LOW HITPOINT WARNING * * *
The orc hits you but does no damage. x2
Okay, then.
Unknown command.
The flow of time bends around you.
Cheibriados rebukes the bullfrog.
The bullfrog seems to slow down.
Cheibriados rebukes the orc.
The orc seems to slow down.
Cheibriados rebukes the orc.
The orc seems to slow down.
The orc hits you from afar with a +0 halberd.
* * * LOW HITPOINT WARNING * * *
The orc hits you but does no damage. The bullfrog barely misses you.
The orc warrior hits you from afar with a +4 glaive!
* * * LOW HITPOINT WARNING * * *
The orc hits you from afar with a +0 spear.
You die...

###########
........∩.##
...........#
...........#
oo......o)∩#
........oFo#
.......ooo♣#
.......oo.##
###########


You could see an orc warrior, a bullfrog (slow) and 7 orcs.

Vanquished Creatures
  Sigmund (D:3)
  A sky beast (D:8)
  2 ogres (D:5)
  A necrophage (D:6)
  2 bullfrogs (D:7)
  A kobold brigand (D:5)
  2 scorpions
  A bullfrog zombie (D:5)
  3 hounds
  Crazy Yiuf (D:3)
  Jessica (D:3)
  2 iguanas
  Natasha (D:2)
  3 orc wizards
  2 hound skeletons (D:4)
  6 adders
  A gnoll (D:7)
  An ufetubus (D:4)
  An adder zombie (D:5)
  An adder skeleton (D:4)
  5 worms
  2 dart slugs
  15 orcs
  2 endoplasms
  4 giant cockroaches (D:1)
  16 goblins
  7 hobgoblins
  9 kobolds
  2 quokkas
  5 ball pythons
  7 bats (D:1)
  4 frilled lizards (D:3)
  A rat (D:2)
113 creatures vanquished.

Vanquished Creatures (collateral kills)
  A water moccasin zombie (D:5)
  A hound (D:5)
  A gnoll shaman (D:7)
  4 orcs (D:8)
  2 gnolls (D:7)
  2 kobolds (D:5)
11 creatures vanquished.

Vanquished Creatures (others)
  An orc warrior (D:8)
  A howler monkey (D:7)
  An orc priest (D:8)
  An orc wizard (D:5)
4 creatures vanquished.

Grand Total: 128 creatures vanquished

Notes
Turn   | Place    | Note
-------+----------+-------------------------------------------
     0 | D:1      | frimble the Gnoll Artificer began the quest for the Orb.
     0 | D:1      | Reached XP level 1. HP: 17/17 MP: 1/1
   284 | D:1      | Reached XP level 2. HP: 23/23 MP: 2/2
   632 | D:1      | Found a faded altar of an unknown god.
   964 | D:1      | Reached XP level 3. HP: 28/28 MP: 3/3
  1178 | D:1      | Identified a scroll of acquirement
  1178 | D:1      | Acquired a manual of Earth Magic
  1361 | D:2      | Noticed Natasha
  1367 | D:2      | Killed Natasha
  1368 | D:2      | Reached skill level 1 in Short Blades
  1368 | D:2      | Reached skill level 1 in Long Blades
  1368 | D:2      | Reached skill level 1 in Axes
  1368 | D:2      | Reached skill level 1 in Maces & Flails
  1368 | D:2      | Reached skill level 1 in Polearms
  1368 | D:2      | Reached skill level 1 in Staves
  1368 | D:2      | Reached skill level 1 in Slings
  1368 | D:2      | Reached skill level 1 in Bows
  1368 | D:2      | Reached skill level 1 in Crossbows
  1368 | D:2      | Reached skill level 1 in Throwing
  1368 | D:2      | Reached skill level 1 in Shields
  1368 | D:2      | Reached skill level 1 in Unarmed Combat
  1368 | D:2      | Reached skill level 1 in Spellcasting
  1368 | D:2      | Reached skill level 1 in Invocations
  1424 | D:2      | Reached skill level 1 in Earth Magic
  1424 | D:2      | Reached XP level 4. HP: 34/34 MP: 5/5
  1789 | D:2      | Noticed Natasha
  2003 | D:3      | Noticed Sigmund
  2014 | D:3      | Gained mutation: You are clumsy. (Dex -2) [potion of
                  | mutation]
  2020 | D:3      | Killed Sigmund
  2021 | D:3      | Reached skill level 1 in Conjurations
  2021 | D:3      | Reached skill level 1 in Hexes
  2021 | D:3      | Reached skill level 1 in Summonings
  2021 | D:3      | Reached skill level 1 in Necromancy
  2021 | D:3      | Reached skill level 1 in Translocations
  2021 | D:3      | Reached skill level 1 in Transmutations
  2021 | D:3      | Reached skill level 1 in Fire Magic
  2021 | D:3      | Reached skill level 1 in Ice Magic
  2021 | D:3      | Reached skill level 1 in Air Magic
  2021 | D:3      | Reached skill level 1 in Poison Magic
  2021 | D:3      | Reached XP level 5. HP: 33/41 MP: 5/7
  2021 | D:3      | Reached XP level 6. HP: 38/47 MP: 5/8
  2167 | D:3      | Found a runed translucent door.
  2168 | D:3      | Noticed Crazy Yiuf
  2293 | D:3      | Noticed Jessica
  2315 | D:3      | Killed Jessica
  2481 | D:3      | Reached skill level 5 in Armour
  3633 | D:4      | Found an opulent altar of Gozag.
  3639 | D:4      | Found a broken altar of Ashenzari.
  3640 | D:4      | Found a shadowy altar of Dithmenos.
  3655 | D:4      | Found a snail-covered altar of Cheibriados.
  3655 | D:4      | Found a blossoming altar of Fedhas.
  3655 | D:4      | Found an ancient bone altar of Kikubaaqudgha.
  3656 | D:4      | Found a bloodstained altar of Trog.
  3657 | D:4      | Found a hide-covered altar of Uskayaw.
  3660 | D:4      | Found a white marble altar of Elyvilon.
  3669 | D:4      | Became a worshipper of Cheibriados the Contemplative
  3713 | D:4      | Found a shimmering blue altar of Sif Muna.
  3738 | D:5      | Entered Level 5 of the Dungeon
  3896 | D:5      | Found a staircase to the Ecumenical Temple.
  3979 | D:3      | Killed Crazy Yiuf
  3980 | D:3      | Reached XP level 7. HP: 48/52 MP: 10/10
  4221 | D:5      | Reached skill level 7 in Evocations
  4418 | Temple   | Entered the Ecumenical Temple
  4589 | D:5      | Was placed under penance by Cheibriados
  4621 | D:5      | Was forgiven by Cheibriados
  4918 | D:5      | Reached XP level 8. HP: 19/60 MP: 12/12
  5293 | D:6      | Noticed a two-headed ogre
  5396 | D:6      | Learned a level 3 spell: Teleport Other
  5538 | D:7      | Reached * piety under Cheibriados
  7011 | D:8      | Noticed Prince Ribbit
  7080 | D:8      | Reached ** piety under Cheibriados
  7095 | D:8      | Found a flagged portal.
  7101 | D:8      | Noticed a yak
  7102 | D:8      | Noticed a yak
  7102 | D:8      | Noticed a yak
  7105 | Bailey   | Entered a bailey
  7337 | Bailey   | HP: 4/91 [orc (4)]
  7339 | Bailey   | HP: 1/91 [orc warrior (7)]
  7339 | Bailey   | Slain by an orc

Illustrated notes

Levels and vault maps discovered:
D:1:      scummos_arrival_forest, layout_basic,
          hellmonk_ecumenical_altar_arch_garden
D:2:      layout_basic, uniq_natasha
D:3:      layout_loops_ring, uniq_sigmund, uniq_jessica, uniq_crazy_yiuf_cottage
D:4:      layout_rooms, nicolae_sif_muna_little_library, minitemple,
          grunt_decor_arrowhead
D:5:      layout_rooms, minmay_temple_entry_drinking_statues,
          minmay_ogre_servants
D:6:      layout_layer_cave, nicolae_shop_sticking_my_neck_out
D:7:      layout_basic
D:8:      layout_basic, enter_bailey_2, grunt_ministairs_15, uniq_prince_ribbit1
Temple:   nicolae_temple_hex_pool
Bailey:   bailey_polearm_5, bailey

Skill      XL: |  1  2  3  4  5  6  7  8 |
---------------+-------------------------+-----
Short Blades   | 1 2 3 |  3.7
Long Blades    | 1 2 3 |  3.7
Axes           | 1 2 3 |  3.7
Maces & Flails | 1 2 3 |  3.7
Polearms       | 1 2 3 |  3.7
Staves         | 1 2 3 |  3.7
Slings         | 1 2 3 |  3.7
Bows           | 1 2 3 |  3.7
Crossbows      | 1 2 3 |  3.7
Throwing       | 1 2 3 |  3.7
Shields        | 1 2 3 |  3.7
Unarmed Combat | 1 2 3 |  3.7
Spellcasting   | 1 2 3 |  3.7
Invocations    | 1 2 3 4 |  4.1
Earth Magic    | 1 2 3 4 |  4.4
Fighting       | 3 4 |  4.6
Dodging        | 3 4 |  4.6
Stealth        | 3 4 |  4.4
Conjurations   | 1 2 3 |  3.0
Hexes          | 1 2 3 |  3.0
Summonings     | 1 2 3 |  3.0
Necromancy     | 1 2 3 |  3.0
Translocations | 1 2 3 |  3.0
Transmutations | 1 2 3 |  3.0
Fire Magic     | 1 2 3 |  3.0
Ice Magic      | 1 2 3 |  3.0
Air Magic      | 1 2 3 |  3.0
Poison Magic   | 1 2 3 |  3.0
Armour         | 5 6 |  6.0
Evocations     | 7 |  7.6

Action                   |  1- 3 |  4- 6 |  7- 9 || total
-------------------------+-------+-------+-------++-------
Melee: Club              |    33 |       |       ||    33
       Bite              |    12 |    10 |    20 ||    42
       Dagger            |   104 |   219 |       ||   323
       Punch             |       |     1 |     6 ||     7
       Rapier            |       |       |   292 ||   292
 Cast: Teleport Other    |       |       |     1 ||     1
Invok: Bend Time         |       |       |     2 ||     2
Evoke: Piece from Xom's  |       |     1 |       ||     1
       Wand              |       |     3 |    34 ||    37
  Use: Scroll            |     4 |     4 |     4 ||    12
       Potion            |       |     5 |     8 ||    13
 Stab: Sleeping          |     2 |     1 |     4 ||     7
       Confused          |       |     1 |       ||     1
Armor: Leather armour    |    48 |    46 |   138 ||   232
       Skin              |       |       |   129 ||   129
Dodge: Dodged            |    99 |   106 |   173 ||   378

Table legend: (Time is in decaauts)
 A = Elapsed time spent in this place.
 B = Non-inter-level travel time spent in this place.
 C = Inter-level travel time spent in this place.
 D = Time resting spent in this place.
 E = Time spent auto-exploring this place.
 F = Levels seen in this place.
 G = Mean time per level.
                   A        B        C        D        E       F      G
               +--------+--------+--------+--------+--------+-----+--------+
         Total |   7832 |   7426 |    406 |    406 |   5566 |  10 |  783.2 |
       Dungeon |   7425 |   7019 |    406 |     36 |   5566 |   8 |  928.1 |
        Temple |    169 |    169 |      0 |    168 |      0 |   1 |  169.0 |
        Bailey |    237 |    237 |      0 |    202 |      0 |   1 |  237.0 |
               +--------+--------+--------+--------+--------+-----+--------+

Top non-repeatable levels by time:
     D:7: 1864 daAuts
     D:3: 1197 daAuts
     D:1: 1192 daAuts
     D:4: 1169 daAuts
     D:5: 1050 daAuts
     D:2: 567 daAuts
     D:6: 263 daAuts
  Bailey: 237 daAuts
  Temple: 169 daAuts
     D:8: 119 daAuts
